 Dungeon Crawl Stone Soup version 0.26-a0-651-gb41185065b (webtiles) character file.

Game seed: 2527936312967044108

31 kae the Firebug (level 3, -5/19 HPs)
             Began as a Tengu Fire Elementalist on Oct 9, 2020.
             Killed from afar by an orc wizard (13 damage)
             ... with a puff of frost
             ... on level 2 of the Dungeon.
             The game lasted 00:00:42 (1312 turns).

kae the Firebug (Tengu Fire Elementalist)           Turns: 1312, Time: 00:00:43

Health: -5/19      AC:  2    Str:  8    XL:     3   Next: 22%
Magic:  4/7        EV: 13    Int: 16    God:
Gold:   35         SH:  0    Dex: 14    Spells: 5/6 levels left

rFire    . . .     SeeInvis .   e - +0 whip
rCold    . . .     Faith    .   (no shield)
rNeg     . . .     Spirit   .   a - +0 robe
rPois    .         Reflect  .   (helmet restricted)
rElec    .         Harm     .   (no cloak)
rCorr    .         Rampage  .   (no gloves)
MR       .....                  (boots unavailable)
Stlth    ++........             (no amulet)
HPRegen  0.06/turn              (no ring)
MPRegen  0.10/turn              (no ring)

@: very slightly contaminated
A: beak, talons 3
a: no special abilities


You were on level 2 of the Dungeon.
You visited 1 branch of the dungeon, and saw 2 of its levels.

You collected 35 gold pieces.

Inventory:

Hand Weapons
 e - a +0 whip (weapon)
Armour
 a - a +0 robe (worn)
Jewellery
 f - an uncursed amulet of magic regeneration {unknown}
Scrolls
 b - 2 scrolls of remove curse {unknown}
 c - 4 scrolls of enchant armour {unknown}
 g - a scroll of random uselessness {unknown}
 h - 2 scrolls of identify {unknown}
 i - a scroll of blinking {unknown}
Potions
 d - a potion of ambrosia {unknown}


   Skills:
 + Level 2.6 Dodging
 + Level 2.4 Stealth
 + Level 2.3 Spellcasting
 + Level 2.1 Conjurations
 + Level 3.6 Fire Magic


You had 5 spell levels left.
You knew the following spells:

 Your Spells              Type           Power        Failure   Level
a - Foxfire               Conj/Fire      ##..         6%          1

Your spell library contained the following spells:

 Spells                   Type           Power        Failure   Level
 Conjure Flame            Conj/Fire      ##......     19%         3
 Inner Flame              Hex/Fire       #.......     28%         3
 Sticky Flame             Conj/Fire      ##......     52%         4
 Fireball                 Conj/Fire      ##........   86%         5


Dungeon Overview and Level Annotations

Branches:
Dungeon (2/15)

Altars:
Xom


Innate Abilities, Weirdness & Mutations

You have a beak for a mouth.
You have claws for feet.


Message History

The orc is lightly wounded.
The foxfire hits the orc.
The orc is severely wounded.
The orc hits you.
An orc wizard comes into view. It is wielding a +0 dagger.
Casting: Foxfire (safe; 6% risk of failure)
Confirm with . or Enter, or press ? or * to list all spells.
You conjure some foxfire!
The orc wizard shouts!
You hear a shout! x2
The orc hits you.
The foxfire hits the orc.
The orc is almost dead.
The foxfire hits the orc.
You kill the orc!
An orc comes into view. It is wielding a +0 club.
The orc wizard casts a cantrip, but nothing happens.
The orc wizard casts a spell at you. The puff of frost hits you!
Ouch! That really hurt!
You die...

########..........#
#.<......###.#..###
#.#####.## ##.....
#.# ..... #.##
#.(.# ##.###.#..#
##...# ..# ##.##
..# ###
######@###†.#....
#.............#
#.###..##o†#....#
#..##?## ...
#..##.# # #..##o#
#....o. ##..... ##
#.#


You could see an orc wizard.

Vanquished Creatures
  An adder (D:2)
  An orc (D:2)
  2 bats
  2 giant cockroaches (D:1)
  3 goblins
  6 hobgoblins
  2 frilled lizards (D:1)
  A kobold (D:1)
  2 rats
20 creatures vanquished.

Vanquished Creatures (others)
  29 foxfires
29 creatures vanquished.

Grand Total: 49 creatures vanquished

Notes
Turn   | Place    | Note
-------+----------+-------------------------------------------
     0 | D:1      | kae the Tengu Fire Elementalist began the quest for the
                  | Orb.
     0 | D:1      | Reached XP level 1. HP: 10/10 MP: 4/4
   226 | D:1      | Found a shimmering altar of Xom.
   276 | D:1      | Reached XP level 2. HP: 6/15 MP: 4/6
  1107 | D:2      | Reached XP level 3. HP: 11/19 MP: 4/7
  1312 | D:2      | Killed from afar by an orc wizard

Illustrated notes

Levels and vault maps discovered:
D:1:      dpeg_arrival_fog, layout_basic, st_stairs_1, solitary_fountain,
          grunt_decor_arrowhead, xom_teletrap_fun
D:2:      layout_loops_ring, chequers_ecumenical_altar_island,
          uniq_crazy_yiuf_cottage

Skill      XL: |  1  2 |
---------------+-------+-----
Conjurations   | 2 |  2.1
Dodging        | |  2.6
Stealth        | |  2.4
Spellcasting   | |  2.3
Fire Magic     | |  3.6

Action                   || total
-------------------------++-------
Melee: Unarmed           ||    17
       Kick              ||     9
       Peck              ||     7
       Whip              ||    17
 Cast: Foxfire           ||    16
Armor: Robe              ||    11
Dodge: Dodged            ||    27

Table legend: (Time is in decaauts)
 A = Elapsed time spent in this place.
 B = Non-inter-level travel time spent in this place.
 C = Inter-level travel time spent in this place.
 D = Time resting spent in this place.
 E = Time spent auto-exploring this place.
 F = Levels seen in this place.
 G = Mean time per level.
                   A        B        C        D        E       F      G
               +--------+--------+--------+--------+--------+-----+--------+
         Total |   1312 |   1298 |     14 |      0 |   1151 |   2 |  656.0 |
       Dungeon |   1312 |   1298 |     14 |      0 |   1151 |   2 |  656.0 |
               +--------+--------+--------+--------+--------+-----+--------+

Top non-repeatable levels by time:
     D:1: 1049 daAuts
     D:2: 263 daAuts
